 Dungeon Crawl Stone Soup version 0.26.0-16-gc1dbca0489 (webtiles) character file.

Game seed: 13583551952973502170

574 nvzn the Stinger (level 7, -2/32 HPs)
             Began as a Spriggan Venom Mage on Jan 19, 2021.
             Shot with an arrow by a centaur (13 damage)
             ... on level 5 of the Dungeon.
             The game lasted 00:53:12 (6837 turns).

nvzn the Stinger (Spriggan Venom Mage)              Turns: 6837, Time: 00:53:12

Health: -2/32      AC:  2    Str:  5    XL:     7   Next: 12%
Magic:  9/15       EV: 19    Int: 18    God:
Gold:   187        SH:  0    Dex: 16    Spells: 15/16 levels left

rFire    . . .     SeeInvis +   g - +0 dagger
rCold    . . .     Faith    .   (shield restricted)
rNeg     . . .     Spirit   .   a - +0 robe
rPois    .         Reflect  .   (helmet restricted)
rElec    .         Harm     .   (no cloak)
rCorr    .         Rampage  .   (gloves unavailable)
Will     +....                  (boots unavailable)
Stlth    +++.......             (no amulet)
HPRegen  0.10/turn              (no ring)
MPRegen  0.14/turn              (no ring)

@: very quick
A: very small, unfitting armour, see invisible, speed 3
a: no special abilities


You were on level 5 of the Dungeon.
You visited 1 branch of the dungeon, and saw 5 of its levels.

You collected 187 gold pieces.

Inventory:

Hand Weapons
 d - a +0 whip
 f - a +0 club
 g - a +0 dagger (weapon)
 i - a +0 whip
 j - a +0 club
 k - a +0 club
 n - a +0 dagger
 t - a +0 flail
 y - a +0 dagger
 A - a +0 dagger
 C - a +0 mace
 F - a +0 club
 G - a +0 club
 H - a +0 trident
 I - a +0 mace
 L - a +0 club
 M - a +0 mace
 P - a +0 dagger
 S - a +0 vampiric war axe
 U - a +0 great sword
 V - a +0 dagger
 X - a +0 flail
 Y - a +0 mace
Missiles
 e - 135 stones
 h - 38 arrows
 p - 3 datura-tipped darts
 s - 37 sling bullets
 u - 6 atropa-tipped darts
 B - 20 poisoned darts
Armour
 a - a +0 robe (worn)
 x - a cursed +0 chain mail
Wands
 N - a wand of paralysis (14)
 Z - a wand of flame (21)
Scrolls
 b - a scroll of fear {unknown}
 c - 7 scrolls of identify {unknown}
 m - a scroll of magic mapping {unknown}
 o - 4 scrolls of teleportation {unknown}
 q - a scroll of remove curse {unknown}
 w - a scroll of fog {unknown}
 D - a scroll of enchant weapon {unknown}
 E - a scroll of amnesia {unknown}
Potions
 l - 2 potions of heal wounds {unknown}
 r - 2 potions of curing {unknown}
 v - a potion of resistance
 z - 2 potions of haste
 J - a potion of flight {unknown}
 K - a potion of lignification
 O - a potion of degeneration {unknown}
 Q - a potion of magic {unknown}
 T - a potion of invisibility {unknown}


   Skills:
 - Level 0.4 Fighting
 * Level 2.5 Short Blades
 + Level 0.3 Throwing
 + Level 3.8 Dodging
 + Level 3.8 Stealth
 + Level 5.0 Spellcasting
 + Level 4.4 Transmutations
 * Level 5.3 Poison Magic


You had 15 spell levels left.
You knew the following spells:

 Your Spells              Type           Power        Failure   Level
a - Sting                 Tmut/Pois      88%          1%          1

Your spell library contained the following spells:

 Spells                   Type           Power        Failure   Level
 Poisonous Vapours        Pois/Air       28%          7%          2
 Ignite Poison            Fire/Tmut/Pois 16%          11%         3
 Olgreb's Toxic Radiance  Pois           23%          14%         4
 Mephitic Cloud           Conj/Pois/Air  10%          19%         3


Dungeon Overview and Level Annotations

Branches:
Dungeon (5/15)             Temple (0/1) D:4

Altars:

Shops:
D:5 [


Innate Abilities, Weirdness & Mutations

You are very small and have problems with some larger weapons.
You are too small for most types of armour.
You have supernaturally acute eyesight. (SInv)
You cover ground extremely quickly.


Message History

The orc shouts!
The orc wizard points at itself and mumbles some strange words.
The orc wizard flickers and vanishes for a moment.
The centaur shoots an arrow.
The arrow hits you!
You see here 4 arrows.
Aiming: Sting (safe; 1% risk of failure)
Press: ? - help, Q - select action, (/) - cycle Shift-Dir - straight line, f - centaur
Aim: a centaur, wielding a +0 shortbow and quivering 14 arrows (15% to evade)
The sting hits the centaur.
The centaur is poisoned.
The centaur is lightly wounded.
The centaur shoots an arrow.
The arrow hits you!
Aiming: Sting (safe; 1% risk of failure)
Press: ? - help, Q - select action, (/) - cycle Shift-Dir - straight line, f/p - centaur
Aim: a centaur, wielding a +0 shortbow and quivering 13 arrows (lightly wounded, poisoned, 15% to evade)
The sting hits the centaur but does no damage.
The centaur looks even sicker.
The centaur is lightly wounded.
The centaur shoots an arrow.
The arrow closely misses you.
The centaur shoots an arrow.
The arrow hits you!
You die...

#........ ....... ?....
..o #o# #.#########
#)#.......[ #c#.#####
#.(..@..# ###..(#.#
#.#.#.#
#....#.##+###########
#.....#.#.............
....<#.#.#.............
.##.#.#.#.#.............
..#...#.#.............
#.'............#


You could see a centaur (very poisoned).

Vanquished Creatures
  2 ogres (D:5)
  Blork the orc (D:4)
  A bullfrog (D:4)
  A centaur zombie (D:5)
  An orc priest (D:3)
  An orc wizard (D:5)
  2 iguanas (D:4)
  A worker ant (D:4)
  2 adders
  A white imp (D:5)
  An ufetubus (D:5)
  An ooze (D:3)
  A worm (D:3)
  A dart slug (D:1)
  4 leopard geckos
  6 orcs
  6 giant cockroaches
  5 goblins
  8 hobgoblins
  4 jackals (D:2)
  A quokka (D:3)
  3 ball pythons
  7 bats
  3 frilled lizards
  5 kobolds
  A leopard gecko zombie (D:5)
  7 rats
77 creatures vanquished.

Vanquished Creatures (others)
  2 plants (D:1)
2 creatures vanquished.

Grand Total: 79 creatures vanquished

Notes
Turn   | Place    | Note
-------+----------+-------------------------------------------
     0 | D:1      | nvzn the Spriggan Venom Mage began the quest for the Orb.
     0 | D:1      | Reached XP level 1. HP: 9/9 MP: 5/5
   222 | D:1      | Reached XP level 2. HP: 13/13 MP: 1/6
  1399 | D:2      | Reached XP level 3. HP: 12/16 MP: 4/8
  3121 | D:3      | Reached XP level 4. HP: 19/21 MP: 5/10
  3868 | D:4      | Reached XP level 5. HP: 25/25 MP: 8/11
  3903 | D:4      | Found a staircase to the Ecumenical Temple.
  3994 | D:4      | Reached skill level 1 in Short Blades
  4568 | D:4      | Noticed Blork the orc
  4608 | D:4      | Killed Blork the orc
  4609 | D:4      | Reached XP level 6. HP: 7/29 MP: 10/13
  5299 | D:5      | Entered Level 5 of the Dungeon
  5837 | D:5      | Reached skill level 5 in Poison Magic
  6106 | D:5      | Found Samm's Armour Emporium.
  6283 | D:5      | Reached XP level 7. HP: 11/32 MP: 13/15
  6512 | D:5      | Reached skill level 5 in Spellcasting
  6837 | D:5      | Shot with an arrow by a centaur

Illustrated notes

Levels and vault maps discovered:
D:1:      lightli_arrival_flooded_house, layout_loops_ring
D:2:      layout_basic
D:3:      layout_rooms, grunt_ministairs_6
D:4:      minmay_door_path, layout_layer_cave, minmay_temple_entry_statues,
          serial_bayou_crossing, uniq_blork_the_orc
D:5:      layout_basic, serial_shops, nicolae_shop_waterfront,
          hangedman_abyss_or_decor_lesser_grid

Skill      XL: |  1  2  3  4  5  6  7 |
---------------+----------------------+-----
Spellcasting   | 3 4 5 |  5.0
Transmutations | 2 3 4 |  4.4
Poison Magic   | 4 5 |  5.3
Short Blades   | 2 |  2.5
Fighting       | |  0.4
Throwing       | |  0.3
Dodging        | |  3.8
Stealth        | |  3.8

Action                   |  1- 3 |  4- 6 |  7- 9 || total
-------------------------+-------+-------+-------++-------
Melee: Unarmed           |     6 |       |       ||     6
       Dagger            |    44 |    76 |     6 ||   126
Throw: Boomerang         |       |     4 |       ||     4
       Stone             |       |     1 |       ||     1
 Cast: Sting             |    80 |    60 |    13 ||   153
  Use: Potion            |     1 |     3 |       ||     4
Armor: Robe              |       |     1 |     1 ||     2
Dodge: Dodged            |    60 |    57 |     8 ||   125
